 Dungeon Crawl Stone Soup version 0.23.0 (webtiles) character file.

Game seed: 7352466941823704076

27 Monsterracer the Digger (level 2, 0/13 HPs)
             Began as a Felid Wanderer on Feb 18, 2019.
             Succumbed to an adder's poison
             ... on level 1 of the Dungeon.
             The game lasted 00:00:58 (1227 turns).

Monsterracer the Digger (Felid Wanderer)            Turns: 1227, Time: 00:01:00

Health: 0/13       AC:  1    Str:  7    XL:     2   Next: 93%
Magic:  3/3        EV: 16    Int: 13    God:
Gold:   45         SH:  0    Dex: 16    Spells: 0/1 levels left
                                        Lives:  0   Deaths: 0

rFire    . . .     SeeInvis +     - Unarmed
rCold    . . .     Gourm    .   (shield unavailable)
rNeg     . . .     Faith    .   (armour unavailable)
rPois    .         Spirit   .   (helmet unavailable)
rElec    .         Reflect  .   (cloak unavailable)
rCorr    .         Harm     .   (gloves unavailable)
MR       .....                  (boots unavailable)
Stlth    +++.......             (no amulet)
HPRegen  0.04/turn              (no ring)
MPRegen  0.08/turn              (no ring)

@: lethally poisoned (0 -> -4), quick
A: very small, no armour, no weapons or thrown items, stealth, claws 1, fangs 3,
see invisible, carnivore, speed 1, shaggy fur 1, slow metabolism 1, sharp paws
a: no special abilities


You were on level 1 of the Dungeon.
You were completely stuffed.

You visited 1 branch of the dungeon, and saw 2 of its levels.

You collected 45 gold pieces.

Inventory:

Wands
 a - a wand of paralysis (15)
Scrolls
 b - a scroll of fog {unknown}
 d - a scroll of fear {unknown}
 e - 3 scrolls of identify {unknown}
 f - 2 scrolls of noise {unknown}
 t - a scroll of teleportation {!r}
Comestibles
 c - 2 rations


   Skills:
 + Level 1.8 Fighting
 - Level 1.3 Dodging
 - Level 2.6 Stealth
 * Level 2.1 Unarmed Combat
   Level 1.2 Charms
 - Level 3.6 Earth Magic
 - Level 1.1 Evocations


You couldn't memorise any spells.
You knew the following spells:

 Your Spells              Type           Power        Failure   Level  Hunger
a - Sandblast             Erth           #.....       7%          1    ##.....

Your spell library contained the following spells:

 Spells                   Type           Power        Failure   Level  Hunger
 Stone Arrow              Conj/Erth      #.....       41%         3    ####...


Dungeon Overview and Level Annotations

Branches:
Dungeon (2/15)

Altars:


Innate Abilities, Weirdness & Mutations

You cannot wear armour.
You are incapable of wielding weapons or throwing items.
Your paws allow you to move quietly. (Stealth)
You have sharp claws.
You have razor-sharp teeth.
You have supernaturally acute eyesight. (SInv)
You are carnivorous and can eat meat at any time.
You cover ground quickly.
You are covered in fur. (AC +1)
You have a slow metabolism.
Your sharp claws are effective at attacking unaware monsters.


Message History

Things that are here:
a +0 short sword; a kobold corpse You scratch the hobgoblin but do no damage.
The hobgoblin is almost dead.
The hobgoblin hits you.
* * * LOW HITPOINT WARNING * * *
You take 1 damage, and have 4/12 hp.
You scratch the hobgoblin.
You kill the hobgoblin!
You see here a hobgoblin corpse.
You see here a hobgoblin corpse.
You butcher the hobgoblin corpse.
g - 3 chunks of flesh You see here a hobgoblin skeleton.
You start resting.
Eating one of 3 chunks of flesh.
You eat one of the 3 chunks of flesh.
This raw flesh tastes great.
Eating one of 2 chunks of flesh.
You eat one of the 2 chunks of flesh.
This raw flesh tastes great.
HP restored.
Health restored: 12
There is a stone staircase leading down here.
You climb downwards.
A goblin comes into view. It is wielding a +0 dagger.
The goblin shouts!
You hear an angry hiss.
There is a stone staircase leading up here.
A goblin is nearby!
You scratch the goblin.
You kill the goblin!
No target in view!
No target in view!
There is a stone staircase leading up here.
All of the chunks of flesh in your inventory have rotted away.
Found a falchion.
No target in view!
Found an escape hatch in the ceiling.
No target in view!
A hobgoblin comes into view.
An adder comes into view.
A leopard gecko comes into view.
The adder hisses angrily.
The adder closely misses you.
The hobgoblin shouts!
Found a mace.
You barely miss the adder.
The leopard gecko hisses angrily.
An adder comes into view.
The adder hisses angrily.
You scratch the adder.
The adder is moderately wounded.
The adder barely misses you. The hobgoblin hits you.
You take 4 damage, and have 8/12 hp.
MASSIVE DAMAGE!!
The adder bites you.
* * * LOW HITPOINT WARNING * * *
You are lethally poisoned!
The adder poisons you!
There is a stone staircase leading up here.
You take 3 damage, and have 5/12 hp.
MASSIVE DAMAGE!!
* * * LOW HITPOINT WARNING * * *
You feel sick. The adder closely misses you.
You climb upwards.
There is a stone staircase leading down here.
Unknown command.
Unknown command.
Unknown command.
You aren't carrying any potions.
You take 1 damage, and have 4/12 hp.
You aren't carrying any potions.
You're too full to eat anything.
Unknown command.
Okay, then.
You scratch the adder but do no damage.
The adder is moderately wounded.
* * * LOW HITPOINT WARNING * * *
You feel sick. The adder barely misses you.
You take 1 damage, and have 3/12 hp.
You scratch the adder.
The adder is severely wounded.
The adder completely misses you. The adder bites you but does no damage.
Unknown command.
You scratch the adder but do no damage. You bite the adder.
The adder is severely wounded.
The adder completely misses you.
You scratch the adder.
You kill the adder!
Your Unarmed Combat skill increases to level 2!
* * * LOW HITPOINT WARNING * * *
You feel sick.
You take 1 damage, and have 2/13 hp.
Unknown command.
* * * LOW HITPOINT WARNING * * *
You feel sick.
You take 1 damage, and have 1/13 hp.
Unknown command.
Unknown command.
Unknown command.
* * * LOW HITPOINT WARNING * * *
You feel sick.
You take 1 damage, and have 1/13 hp.
Unknown command.
You die...

#.#.# #.#....................
#.#.#########.########.######....
#.#......##...................###
.........##.#.########........# #
#.#......##.#...........###.#####
#.#......##.....#####...# #......
#.#.##..###........##...# #######
..#.###.###....(...##...# #..
....# #..##.###.@..##...# #.#
##### ##.##.# #....##...# #.#
########.##.###....##...# #.#
.................>.##...# #.#
########..#.#.......#...#######.#
##### #..#.#.......'............
....####..#.#.......#.###########
..⌠...###.#.#.......#............
..(....##.#.#.......#############


There were no monsters in sight!

Vanquished Creatures
  2 adders
  2 hobgoblins (D:1)
  2 kobolds (D:1)
  2 bats (D:1)
  A frilled lizard (D:1)
  A goblin (D:2)
10 creatures vanquished.

Notes
Turn   | Place    | Note
-------+----------+-------------------------------------------
     0 | D:1      | Monsterracer the Felid Wanderer began the quest for the
                  | Orb.
     0 | D:1      | Monsterracer set off with the following items: a wand of
                  | paralysis (15), a ration, a scroll of teleportation {!r};
                  | and the following spell memorised: Sandblast; and the
                  | following spells available to memorise: Stone Arrow
     0 | D:1      | Reached XP level 1. HP: 9/9 MP: 2/2
   240 | D:1      | HP: 4/9 [kobold/+0 club (2)]
   242 | D:1      | Reached skill level 1 in Unarmed Combat
   932 | D:2      | Reached XP level 2. HP: 12/12 MP: 3/3
   947 | D:2      | HP: 5/12 [hobgoblin (3)]
  1206 | D:2      | HP: 5/12 [adder (3)]
  1212 | D:1      | HP: 2/13 [poisoned by an adder]
  1217 | D:1      | HP: 1/13 [poisoned by an adder]
  1222 | D:1      | HP: 1/13 [poisoned by an adder]
  1227 | D:1      | Succumbed to an adder's poison

Skill      XL: |  1  2 |
---------------+-------+-----
Unarmed Combat | 1 2 |  2.1
Fighting       | |  1.8
Dodging        | |  1.3
Stealth        | |  2.6
Charms         | |  1.2
Earth Magic    | |  3.6
Evocations     | |  1.1

Action                   || total
-------------------------++-------
Melee: Unarmed           ||    35
       Bite              ||     3
 Stab: Sleeping          ||     3
  Eat: Chunk             ||     8
Armor: Skin              ||     3
Dodge: Dodged            ||    29

Levels and vault maps discovered:
D:1:      dpeg_arrival_water_temple_mockup, layout_basic
D:2:      layout_loops_ring
